 Dungeon Crawl Stone Soup version 0.29.0-4-gdea44cf6ec (webtiles) character file.

Game seed: 6331538495750011948

37 DoubleLucky the Ruffian (level 3, -3/37 HPs)
             Began as a Troll Fighter on Aug 27, 2022.
             Slain by Robin
             ... wielding a +0 trident
              (4 damage)
             ... on level 2 of the Dungeon.
             The game lasted 00:03:37 (777 turns).

DoubleLucky the Ruffian (Troll Fighter)              Turns: 777, Time: 00:03:37

Health: -3/37      AC:  4    Str: 24    XL:     3   Next: 23%
Magic:  2/2        EV: 10    Int:  6    God:
Gold:   58         SH:  0    Dex:  9    Spells: 2/2 levels left

rFire   . . .      SeeInvis .     - Unarmed
rCold   . . .      Faith    .   (no shield)
rNeg    . . .      Spirit   .   a - +0 robe
rPois   .          Reflect  .   (helmet restricted)
rElec   .          Harm     .   (no cloak)
rCorr   .          Rampage  .   (gloves unavailable)
Will    .....                   (boots unavailable)
Stlth   +.........              (no amulet)
HPRegen 0.92/turn               (no ring)
MPRegen 0.08/turn               (no ring)

@: no status effects
A: large, unfitting armour, claws 3, regeneration 1, shaggy fur 1, tough skin 1
a: no special abilities


You were on level 2 of the Dungeon.
You visited 1 branch of the dungeon, and saw 2 of its levels.

You collected 58 gold pieces.

Inventory:

Missiles
 g - 3 poisoned darts (quivered)
Armour
 a - a +0 robe (worn)
 b - a +0 kite shield
Scrolls
 e - 2 scrolls of identify {unknown}
 f - a scroll of enchant armour {unknown}
 h - a scroll of enchant weapon {unknown}
 i - a scroll of amnesia {unknown}
 j - a scroll of fog {unknown}
Potions
 c - a potion of might
 d - a potion of brilliance {unknown}


   Skills:
 - Level 3.0 Fighting
 - Level 2.4 Dodging
 - Level 2.6 Shields
 + Level 3.1 Unarmed Combat


You had 2 spell levels left.
You didn't know any spells.
Your spell library was empty.

Dungeon Overview and Level Annotations

Branches:
Dungeon (2/15)

Altars:

Shops:
D:1 *

Annotations:
D:2 Robin


Innate Abilities, Weirdness & Mutations

You are too large for most types of armour.
You have claws for hands.
Your natural rate of healing is unusually fast.
You are covered in fur. (AC +1)
You have tough skin. (AC +1)


Message History

The goblin goes into a battle-frenzy!
You closely miss the goblin. The goblin barely misses you.
Robin roars a battlecry!
You scratch the goblin but do no damage.
Robin throws the goblin at you! The goblin barely misses you.
The goblin hits you with a +1 dagger of flaming.
The goblin burns you.
You closely miss the goblin.
Robin roars a battlecry!
The goblin hits you with a +0 dagger. The goblin hits you but does no damage.
You miss the goblin. Robin throws the goblin at you!
The goblin hits you but does no damage. The goblin closely misses you.
The goblin hits you with a +0 dagger.
You barely miss the goblin. The goblin barely misses you.
The goblin hits you with a +1 dagger of flaming.
The goblin burns you. The goblin closely misses you.
You barely miss the goblin.
The goblin hits you but does no damage. x2
The goblin hits you with a +0 dagger.
You barely miss the goblin. The goblin barely misses you.
The goblin hits you with a +0 dagger.
The goblin hits you with a +1 dagger of flaming.
The goblin burns you.
You closely miss the goblin.
Robin hits you from afar with a +0 trident.
* * * LOW HITPOINT WARNING * * *
The goblin hits you but does no damage. x2
The goblin hits you with a +0 dagger.
* * * LOW HITPOINT WARNING * * *
You closely miss the goblin. The goblin closely misses you. x2
The goblin completely misses you.
You scratch the goblin.
You kill the goblin!
The goblin hits you with a +1 dagger of flaming.
* * * LOW HITPOINT WARNING * * *
The goblin burns you.
* * * LOW HITPOINT WARNING * * *
The goblin hits you with a +0 dagger.
* * * LOW HITPOINT WARNING * * *
Robin hits you from afar with a +0 trident.
You die... ...... ggg

#....# #g# #....# #.#
##....### #)# #.......#
#.# ##.
.##.......#####)######
.#..
..........##...........
.#.#
#...†.###gg.........
.#.#
######.)@ggg.........
.#.#
#......g###+#.###....
.#.# #.###.....# #.#
.... .#.### #.# #.#.#.#
#.# ... .#...####.#
#.#.#.# #+# ..
..##......# #.#.#.#
..##......# #.#.#.#
..##.....## #+#.#.#
..##.....+ ..#.#


You could see Robin, 3 hobgoblins and 2 goblins.

Vanquished Creatures
  An adder (D:2)
  A dart slug (D:1)
  A ball python (D:2)
  A bat (D:1)
  4 endoplasms
  A giant cockroach (D:1)
  6 goblins
  4 hobgoblins (D:1)
  2 frilled lizards
  3 rats
24 creatures vanquished.

Notes
Turn   | Place    | Note
-------+----------+-------------------------------------------
     0 | D:1      | DoubleLucky the Troll Fighter began the quest for the Orb.
     0 | D:1      | Reached XP level 1. HP: 22/22 MP: 0/0
   170 | D:1      | Reached XP level 2. HP: 29/29 MP: 1/1
   218 | D:1      | Found a faded altar of an unknown god.
   390 | D:1      | Found Kagi's General Store.
   628 | D:2      | Reached XP level 3. HP: 37/37 MP: 2/2
   747 | D:2      | Noticed Robin
   777 | D:2      | HP: 1/37 [goblin/+0 dagger[Robin] (2)]
   777 | D:2      | Slain by Robin

Illustrated notes

Levels and vault maps discovered:
D:1:      eino_arrival_tree_alley, layout_loops_cross, serial_shops,
          shop_statue, dreamdust_ecumenical_altar_angels_and_demons
D:2:      layout_basic, item_on_display_a, uniq_natasha, uniq_robin,
          uniq_jessica

Skill      XL: |  1  2  3 |
---------------+----------+-----
Fighting       | 3 |  3.0
Unarmed Combat | 3 |  3.1
Dodging        | |  2.4
Shields        | |  2.6

Action                   || total
-------------------------++-------
Melee: Unarmed           ||    66
       Punch             ||     1
Armor: Robe              ||    17
Dodge: Dodged            ||    38
